 Dungeon Crawl Stone Soup version 0.29.1-15-g9cfb28693d (webtiles) character file.

Game seed: 14862637317665540370

281 shadowmeld the Magician (level 6, -2/42 HPs)
             Began as a Djinni Fire Elementalist on Apr 19, 2023.
             Slain by Duvessa
             ... wielding a +0 short sword
              (5 damage)
             ... on level 4 of the Dungeon.
             The game lasted 00:13:01 (3458 turns).

shadowmeld the Magician (Djinni Fire Elementalist)  Turns: 3458, Time: 00:13:03

Health: -2/42      AC:  3    Str: 13    XL:     6   Next: 53%
Gold:   200        EV: 12    Int: 19    God:
                   SH:  3    Dex: 13

rFire   + + .      SeeInvis .   t - +2 short sword (holy)
rCold   x . .      Faith    .   q - +0 buckler
rNeg    . . .      Spirit   .   o - +1 robe {Will+}
rPois   ∞          Reflect  .   (no helmet)
rElec   .          Harm     .   (no cloak)
rCorr   .          Rampage  .   (no gloves)
Will    +....                   (boots unavailable)
Stlth   ++........              (no amulet)
HPRegen 0.14/turn               c - +6 ring of strength
MPRegen 0.00/turn               (no ring)

@: flying
A: sickness immunity, fire resistance 2, cold vulnerability 1, float, innate
caster, HP casting, extra vitality 1
a: no special abilities


You were on level 4 of the Dungeon.
You visited 1 branch of the dungeon, and saw 4 of its levels.

You collected 200 gold pieces.

Inventory:

Hand Weapons
 m - a +0 hand axe
 t - a +2 short sword of holy wrath (weapon)
Missiles
 h - 5 poisoned darts
Armour
 o - a +1 robe of willpower (worn)
 q - a +0 buckler (worn)
Jewellery
 c - a +6 ring of strength (left hand)
Scrolls
 b - a scroll of blinking {unknown}
 d - 5 scrolls of magic mapping {unknown}
 i - 5 scrolls of teleportation {unknown}
 j - a scroll of vulnerability {unknown}
 n - 5 scrolls of identify {unknown}
 p - 2 scrolls of enchant armour {unknown}
 r - 2 scrolls of noise {unknown}
 u - a scroll of torment {unknown}
Potions
 a - a potion of heal wounds {unknown}
 e - a potion of invisibility {unknown}
 f - 2 potions of lignification {unknown}
 g - a potion of might {unknown}
 k - 5 potions of mutation {unknown}
 l - 2 potions of curing {unknown}
 s - 2 potions of resistance {unknown}


   Skills:
 * Level 1.6 Fighting
 * Level 2.8 Dodging
 - Level 1.5 Stealth
 * Level 4.8 Spellcasting


You couldn't memorise any spells.
You knew the following spells:

 Your Spells              Type           Power      Damage    Failure   Level
a - Foxfire               Conj/Fire      92%        2x1d8     2%          1
b - Scorch                Fire           46%        2d7       3%          2
c - Conjure Flame         Conj/Fire      23%        6-21      7%          3
d - Inner Flame           Hex/Fire       23%        N/A       7%          3
e - Flame Wave            Conj/Fire      23%        2d8       22%         4
f - Summon Small Mammal   Summ           92%        N/A       2%          1
g - Passwall              Tmut/Erth      19%        N/A       3%          2
Your spell library was empty.

Dungeon Overview and Level Annotations

Branches:
Dungeon (4/15)
 Temple: D:4-7

Altars:
Xom

Annotations:
D:4 Duvessa


Innate Abilities, Weirdness & Mutations

You are immune to sickness and miasma.
You are immune to poison.
Your flesh is very heat resistant. (rF++)
You are vulnerable to cold. (rC-)
You float through the air rather than walking.
You learn spells naturally, not from books.
Your magical power is your life essence.
You have superior vitality. (+4 MHP)


Message History

Flames lash Dowan.
Dowan is burned terribly!
Dowan is almost dead.
Duvessa, Sister of Dowan comes into view.
She is wielding a +0 short sword and carrying a wand of polymorph (7).
Dowan barely misses you.
Casting: Scorch (safe; 3% risk of failure)
Confirm with . or Enter, or press ? or * to list all spells.
Flames lash Dowan.
Dowan is burned terribly!
You kill Dowan!
Duvessa screams in rage.
Duvessa goes berserk!
Duvessa hits you with a +0 short sword.
Casting: Scorch (safe; 3% risk of failure)
Confirm with . or Enter, or press ? or * to list all spells.
Flames lash Duvessa.
Duvessa is lightly wounded.
Duvessa's fire resistance burns away.
Duvessa hits you with a +0 short sword!
Casting: Scorch (safe; 3% risk of failure)
Confirm with . or Enter, or press ? or * to list all spells.
Flames lash Duvessa.
Duvessa is burned terribly!
Duvessa is moderately wounded.
Duvessa hits you with a +0 short sword. Duvessa barely misses you.
Casting: Scorch (safe; 3% risk of failure)
Confirm with . or Enter, or press ? or * to list all spells.
Flames lash Duvessa.
Duvessa is burned terribly!
Duvessa is heavily wounded.
* * * LOW HITPOINT WARNING * * *
Duvessa hits you with a +0 short sword.
* * * LOW HITPOINT WARNING * * *
Casting: Scorch (safe; 3% risk of failure)
Confirm with . or Enter, or press ? or * to list all spells.
Flames lash Duvessa.
Duvessa is burned terribly!
Duvessa is almost dead.
* * * LOW HITPOINT WARNING * * *
You block Duvessa's attack. x2
Casting: Scorch (safe; 3% risk of failure)
Confirm with . or Enter, or press ? or * to list all spells.
Flames lash Duvessa.
Duvessa is burned terribly!
Duvessa is almost dead.
* * * LOW HITPOINT WARNING * * *
Duvessa hits you with a +0 short sword.
You die...

#.## #...# ...# #...#
# ...#####...#######
#. #...............
#.. #...............
#...###...............
#....#####...####.##
#.#.##.# #...# #.##
#...e@.# #...# #...
###>#### #...# #### #
#...## #....# #....#
########.# ####
#.....##.###...
#..............
#........###.##


You could see Duvessa (berserk, fast, combustible).

Vanquished Creatures
  A black bear (D:4)
  Dowan (D:4)
  An orc priest (D:3)
  An iguana (D:4)
  3 adders (D:2)
  A worm (D:3)
  4 dart slugs
  2 orcs (D:3)
  5 bats
  7 endoplasms
  A giant cockroach (D:3)
  8 hobgoblins
  2 kobolds (D:1)
  3 quokkas
  4 ball pythons
  A frilled lizard (D:2)
  6 goblins
  4 rats
55 creatures vanquished.

Vanquished Creatures (others)
  125 foxfires
125 creatures vanquished.

Grand Total: 180 creatures vanquished

Notes
Turn   | Place    | Note
-------+----------+-------------------------------------------
     0 | D:1      | shadowmeld the Djinni Fire Elementalist began the quest for
                  | the Orb.
     0 | D:1      | shadowmeld set off with the following spells memorised:
                  | Foxfire, Scorch, Conjure Flame, Inner Flame, Flame Wave.
     0 | D:1      | Reached XP level 1. HP: 15/15 MP: 0/0
   326 | D:1      | Reached XP level 2. HP: 15/21 MP: 0/0
   773 | D:1      | Reached skill level 3 in Spellcasting
   861 | D:1      | You are sucked into a shaft and drop 1 floor!
   883 | D:2      | Reached XP level 3. HP: 19/26 MP: 0/0
   883 | D:2      | Learned a level 1 spell: Summon Small Mammal
  1817 | D:2      | Reached XP level 4. HP: 20/31 MP: 0/0
  2015 | D:2      | Found a faded altar of an unknown god.
  2491 | D:3      | Reached skill level 1 in Fighting
  2491 | D:3      | Reached XP level 5. HP: 15/37 MP: 0/0
  2491 | D:3      | Learned a level 2 spell: Passwall
  2923 | D:3      | Found a shimmering altar of Xom.
  2925 | D:3      | Found a shimmering altar of Xom.
  2925 | D:3      | Found a shimmering altar of Xom.
  2925 | D:3      | Found a shimmering altar of Xom.
  2926 | D:3      | Found a shimmering altar of Xom.
  2926 | D:3      | Found a shimmering altar of Xom.
  2927 | D:3      | Found a shimmering altar of Xom.
  2930 | D:3      | Reached skill level 4 in Spellcasting
  2930 | D:3      | Found a shimmering altar of Xom.
  2931 | D:3      | Found a shimmering altar of Xom.
  2933 | D:3      | Found a shimmering altar of Xom.
  3288 | D:4      | Noticed a black bear
  3293 | D:4      | Killed a black bear
  3294 | D:4      | Reached XP level 6. HP: 38/42 MP: 0/0
  3446 | D:4      | Noticed Dowan
  3452 | D:4      | Noticed Duvessa
  3453 | D:4      | Killed Dowan
  3458 | D:4      | Slain by Duvessa

Illustrated notes

Levels and vault maps discovered:
D:1:      mrwooster_arrival_statue, layout_basic, st_stairs_3
D:2:      layout_basic, dreamdust_ecumenical_altar_statues
D:3:      layout_basic, xom_redecorated
D:4:      layout_loops_cross, uniq_duvessa

Skill      XL: |  1  2  3  4  5 |
---------------+----------------+-----
Spellcasting   | 3 4 |  4.8
Fighting       | 1 |  1.6
Dodging        | |  2.8
Stealth        | |  1.5

Action                   |  1- 3 |  4- 6 || total
-------------------------+-------+-------++-------
 Cast: Foxfire           |    73 |     5 ||    78
       Scorch            |       |    47 ||    47
Armor: Robe              |       |     2 ||     2
Dodge: Dodged            |     4 |     3 ||     7
Block: Buckler           |       |     5 ||     5
